 Dungeon Crawl Stone Soup version 0.30-a0-1116-gebefce21f7 (webtiles) character file.

Game seed: 10445056648528962061

199 jasper the Stinger (level 5, -3/24 HPs)
             Began as a Spriggan Venom Mage on Apr 21, 2023.
             Was an Initiate of Vehumet.
             Slain by a sleepcap (21 damage)
             ... on level 4 of the Dungeon.
             The game lasted 00:08:22 (4053 turns).

jasper the Stinger (Spriggan Venom Mage)            Turns: 4053, Time: 00:08:23

Health: -3/24      AC:  2    Str:  4    XL:     5   Next: 48%
Magic:  11/11      EV:  4    Int: 18    God:    Vehumet [......]
Gold:   198        SH:  0    Dex: 16    Spells: 0/10 levels left

rFire   . . .      SeeInvis +    l - +1 short sword (venom)
rCold   . . .      Faith    .    (no shield)
rNeg    . . .      Spirit   .    a - +0 robe
rPois   .          Reflect  .    (helmet restricted)
rElec   .          Rampage  .    (no cloak)
rCorr   .                        (gloves unavailable)
Will    .....                    (boots unavailable)
Stlth   ++                       (no amulet)
HPRegen 0.24/turn                (no ring)
MPRegen 0.12/turn                (no ring)

@: sleeping, very quick
A: very small, no large weapons, unfitting armour, see invisible, speed 3
a: Renounce Religion


You were on level 4 of the Dungeon.
You worshipped Vehumet.
Vehumet was noncommittal.
You visited 2 branches of the dungeon, and saw 5 of its levels.

You collected 198 gold pieces.

Inventory:

Hand Weapons
 c - a +2 dagger of flaming
 d - a +0 mace
 l - a +1 short sword of venom (weapon)
Armour
 a - a +0 robe (worn)
Jewellery
 g - a ring of poison resistance
 r - a +6 ring of dexterity
Scrolls
 k - a scroll of vulnerability {unknown}
 o - 2 scrolls of summoning {unknown}
 p - 3 scrolls of identify
 q - a scroll of enchant armour {unknown}
Potions
 b - 2 potions of magic
 e - 2 potions of heal wounds
 f - a potion of berserk rage {unknown}
 h - 2 potions of mutation {unknown}
 i - a potion of curing {unknown}
 j - a potion of attraction {unknown}
 m - 2 potions of degeneration {unknown}
 n - 2 potions of lignification {unknown}


   Skills:
 - Level 2.6 Dodging
 - Level 3.0 Stealth
 * Level 3.4 Spellcasting
 + Level 0.0 Conjurations
 - Level 1.3 Transmutations
 + Level 0.0 Air Magic
 - Level 6.0 Poison Magic


You couldn't memorise any spells.
You knew the following spells:

 Your Spells              Type           Power      Damage    Failure   Level
a - Sting                 Tmut/Pois      64%        1d6       3%          1
b - Poisonous Vapours     Pois/Air       28%        N/A       7%          2
c - Mephitic Cloud        Conj/Pois/Air  10%        N/A       21%         3
d - Olgreb's Toxic Radia  Pois           24%        N/A       13%         4

Your spell library contained the following spells:

 Spells                   Type           Power      Damage    Failure   Level
 Necrotise                Necr           12%        1d4       16%         1
 Ozocubu's Armour         Ice            3%         N/A       43%         3
 Vampiric Draining        Necr           3%         2d6       43%         3
 Agony                    Necr           3%         N/A       99%         5
 Ozocubu's Refrigeration  Ice            1%         4d7       100%        7


Dungeon Overview and Level Annotations

Branches:
Dungeon (4/15)             Temple (1/1) D:4

Altars:
Dithmenos
Elyvilon
Fedhas
Gozag
Hepliaklqana
Kikubaaqudgha
Makhleb
Nemelex Xobeh
Okawaru
Qazlal
Ru
Sif Muna
Trog
Uskayaw
Vehumet
Wu Jian
Xom
Yredelemnul
Zin
The Shining One


Innate Abilities, Weirdness & Mutations

You are very small and have problems with some larger weapons.
You are too small for most types of armour.
You have supernaturally acute eyesight. (SInv)
You cover ground extremely quickly. (Speed+++)


Message History

Aim: an orc, wielding a +0 falchion and wearing a +0 leather armour (asleep) Poisonous vapours surround the orc!
The orc is poisoned.
You now have 9/11 mp.
Aiming: Sting (safe; 3% risk of failure)
Press: ? - help, Q - select action, (/) - cycle Shift-Dir - straight line, f/p - orc
Aim: an orc, wielding a +0 falchion and wearing a +0 leather armour (severely wounded, poisoned, 74% to hit)
The sting misses the orc.
You kill the orc!
Vehumet accepts your kill.
You now have 8/11 mp.
A kobold comes into view. It is wielding a +0 club.
MP restored: 11 A kobold is nearby!
Casting: Sting (safe; 3% risk of failure)
Confirm with . or Enter, or press ? or * to list all spells.
Aiming: Poisonous Vapours (safe; 7% risk of failure)
Press: ? - help, Dir - move target, f - kobold
Aim: a kobold, wielding a +0 club and quivering stones (asleep) Poisonous vapours surround the kobold!
The kobold is poisoned.
You now have 9/11 mp.
You kill the kobold!
Vehumet accepts your kill.
p - 3 scrolls of identify (gained 1)
There is a stone staircase leading down here.
A sleepcap comes into view.
MP restored: 11
Casting: Poisonous Vapours (safe; 7% risk of failure)
Confirm with . or Enter, or press ? or * to list all spells.
Okay, then.
You completely miss the sleepcap. The sleepcap completely misses you.
You hit the sleepcap but do no damage. The sleepcap releases spores at you.
You take 3 damage, and have 21/24 hp.
You hit the sleepcap.
The sleepcap is poisoned.
The sleepcap is lightly damaged.
The sleepcap releases spores at you.
You are engulfed in a cloud of soporific spores!
You fall asleep.
The sleepcap releases spores at you!!
Ouch! That really hurt!
You die...

####......).....######.####......
#.#..........# #.# #####..
#............# #.# #..
#.......###### #.# #.. #...)...#
#.# #.) #......### #.# ##)
#........### #.# ####.
#.##...)...########.# #....
#.##.>.......@f.....# #.#.#
#.##.......###############....
#.##.#...#.# #......#.#
#.##.......# ###.####....
#.......#### #......#....
######### #.#.##.##.##
#....#.##... #..#.#.####.
#....#.####.


You could see a sleepcap (very poisoned).

Vanquished Creatures
  An orc priest (D:4)
  2 hounds (D:4)
  3 adders
  2 worms (D:2)
  2 dart slugs
  7 orcs (D:4)
  An endoplasm (D:1)
  A giant cockroach (D:4)
  7 goblins
  7 hobgoblins
  6 jackals
  7 kobolds
  4 quokkas
  3 ball pythons
  6 bats
  5 frilled lizards
  4 rats (D:1)
68 creatures vanquished.

Notes
Turn   | Place    | Note
-------+----------+-------------------------------------------
     0 | D:1      | jasper the Spriggan Venom Mage began the quest for the Orb.
     0 | D:1      | Reached XP level 1. HP: 9/9 MP: 5/5
   349 | D:1      | Reached XP level 2. HP: 13/13 MP: 0/6
   457 | D:1      | Learned a level 2 spell: Poisonous Vapours
   941 | D:1      | Reached skill level 4 in Poison Magic
  1487 | D:2      | Reached XP level 3. HP: 16/16 MP: 5/8
  1491 | D:2      | Learned a level 3 spell: Mephitic Cloud
  1861 | D:2      | Found an ancient bone altar of Kikubaaqudgha.
  2395 | D:3      | Reached XP level 4. HP: 21/21 MP: 5/9
  2484 | D:3      | Reached skill level 5 in Poison Magic
  2924 | D:4      | Found a staircase to the Ecumenical Temple.
  2992 | Temple   | Entered the Ecumenical Temple
  3299 | Temple   | Became a worshipper of Vehumet
  3443 | D:4      | Reached XP level 5. HP: 21/24 MP: 5/10
  3856 | D:4      | Reached skill level 6 in Poison Magic
  3865 | D:4      | Learned a level 4 spell: Olgreb's Toxic Radiance
  4053 | D:4      | Slain by a sleepcap

Illustrated notes

Levels and vault maps discovered:
D:1:      lightli_arrival_flooded_house, layout_loops_cross
D:2:      layout_rooms, basic_altar
D:3:      layout_rooms, kennysheep_generic_room_6
D:4:      layout_loops_cross, minmay_temple_entry_proselytizer, serial_glass,
          glass_columns_c, glass_columns_a, glass_columns_a, glass_columns_a
Temple:   mainiacjoe_temple_cubbyholes

Skill      XL: |  1  2  3  4  5 |
---------------+----------------+-----
Poison Magic   | 4 5 6 |  6.0
Spellcasting   | 3 |  3.4
Dodging        | |  2.6
Stealth        | |  3.0
Transmutations | |  1.3

Action                     |  1- 3 |  4- 6 || total
---------------------------+-------+-------++-------
  Melee: Dagger            |     1 |    11 ||    12
         Short sword       |       |    15 ||    15
   Cast: Sting             |    66 |    33 ||    99
         Poisonous Vapours |    20 |    18 ||    38
         Mephitic Cloud    |       |     1 ||     1
    Use: Scroll            |     4 |       ||     4
 Armour: Robe              |     4 |     4 ||     8
  Dodge: Dodged            |    23 |    25 ||    48

Table legend: (Time is in decaauts)
 A = Elapsed time spent in this place.
 B = Non-inter-level travel time spent in this place.
 C = Inter-level travel time spent in this place.
 D = Time resting spent in this place.
 E = Time spent auto-exploring this place.
 F = Levels seen in this place.
 G = Mean time per level.
                   A        B        C        D        E       F      G
               +--------+--------+--------+--------+--------+-----+--------+
         Total |   3183 |   3080 |    103 |    426 |   2121 |   5 |  636.6 |
       Dungeon |   2954 |   2884 |     70 |    426 |   1932 |   4 |  738.5 |
        Temple |    229 |    197 |     32 |      0 |    188 |   1 |  229.0 |
               +--------+--------+--------+--------+--------+-----+--------+

Top non-repeatable levels by time:
     D:1: 1253 daAuts
     D:4: 885 daAuts
     D:2: 644 daAuts
  Temple: 229 daAuts
     D:3: 169 daAuts
